 Dungeon Crawl Stone Soup version 0.29-a0-919-gd064cfad1c (webtiles) character file.

Game seed: 14845529084000192634

1411 snetch the Magician (level 9, -1/56 HPs)
             Began as a Djinni Fire Elementalist on July 26, 2022.
             Was a Follower of Nemelex Xobeh.
             Killed by nerve-wracking pain
             ... invoked by an orc priest
              (11 damage)
             ... on level 6 of the Dungeon.
             The game lasted 00:17:08 (6079 turns).

snetch the Magician (Djinni Fire Elementalist)      Turns: 6079, Time: 00:17:09

Health: -1/56      AC:  6    Str:  7    XL:     9   Next: 1%
Gold:   360        EV: 10    Int: 20    God:    Nemelex Xobeh [*.....] SH:  0 Dex: 15

rFire   + + .      SeeInvis .   a - +5 scimitar
rCold   x . .      Faith    .   (no shield)
rNeg    . . .      Spirit   .   i - +0 ring mail
rPois   ∞          Reflect  .   (no helmet)
rElec   .          Harm     .   u - +0 cloak
rCorr   .          Rampage  .   (no gloves)
Will    .....                   (boots unavailable)
Stlth   ++........              (no amulet)
HPRegen 0.18/turn               (no ring)
MPRegen 0.00/turn               (no ring)

@: flying
A: sickness immunity, fire resistance 2, cold vulnerability 1, float, innate
caster, HP casting, extra vitality 1
a: Renounce Religion, Draw Escape, Draw Destruction, Draw Summoning


You were on level 6 of the Dungeon.
You worshipped Nemelex Xobeh.
Nemelex Xobeh was aware of your devotion.
You visited 2 branches of the dungeon, and saw 8 of its levels.

You collected 360 gold pieces.

Inventory:

Hand Weapons
 a - a +5 scimitar (weapon)
Missiles
 c - 77 stones
 j - 12 poisoned darts
 r - a throwing net
Armour
 d - a +0 scale mail
 i - a +0 ring mail (worn)
 u - a +0 cloak (worn)
 B - a +0 chain mail
Wands
 m - a wand of mindburst (5)
 q - a wand of iceblast (7)
Scrolls
 k - 3 scrolls of identify {unknown}
 l - a scroll of blinking {unknown}
 p - a scroll of magic mapping {unknown}
 s - 3 scrolls of immolation {unknown}
 x - a scroll of fog {unknown}
 y - a scroll of noise {unknown}
 z - a scroll of enchant armour {unknown}
 A - a scroll of teleportation {unknown}
 E - a scroll of vulnerability {unknown}
Potions
 b - 2 potions of brilliance {unknown}
 e - 2 potions of degeneration {unknown}
 f - 3 potions of curing {unknown}
 g - a potion of cancellation {unknown}
 h - 2 potions of mutation {unknown}
 n - a potion of lignification {unknown}
 o - a potion of might {unknown}
 v - 2 potions of haste {unknown}
 C - 2 potions of flight {unknown}
 D - a potion of invisibility {unknown}


   Skills:
 + Level 0.8 Fighting
 + Level 1.0 Long Blades
 + Level 1.9 Armour
 + Level 2.8 Dodging
 + Level 3.5 Stealth
 + Level 7.5 Spellcasting


You had one spell level left.
You knew the following spells:

 Your Spells              Type           Power      Damage    Failure   Level
a - Foxfire               Conj/Fire      100%       2x1d9     1%          1
b - Scorch                Fire           74%        2d9       1%          2
c - Conjure Flame         Conj/Fire      37%        6-21      4%          3
d - Inner Flame           Hex/Fire       37%        N/A       4%          3
e - Flame Wave            Conj/Fire      37%        2d10      14%         4
f - Slow                  Hex            100%       N/A       1%          1
g - Static Discharge      Conj/Air       37%        3-8/arc   1%          2
h - Blink                 Tloc           74%        N/A       1%          2
i - Sticky Flame          Conj/Fire      37%        2d6       14%         4
Your spell library was empty.

Dungeon Overview and Level Annotations

Branches:
Dungeon (7/15)             Temple (1/1) D:4

Altars:
Ashenzari
Cheibriados
Dithmenos
Elyvilon
Fedhas
Gozag
Hepliaklqana
Makhleb
Nemelex Xobeh
Qazlal
Ru
Trog
Uskayaw
Wu Jian
Xom
Yredelemnul
Zin
The Shining One

Annotations:
D:4 1 runed translucent door, bchevrier's ghost, amateur GnWn


Innate Abilities, Weirdness & Mutations

You are immune to sickness and miasma.
You are immune to poison.
Your flesh is very heat resistant. (rF++)
You are vulnerable to cold. (rC-)
You float through the air rather than walking.
You learn spells naturally, not from books.
Your magical power is your life essence.
You have superior vitality. (+4 MHP)


Message History

The jelly is lightly wounded.
The foxfire hits the jelly!
The jelly is severely wounded.
You conjure some foxfire!
The foxfire hits the jelly!
You kill the jelly!
You have reached level 9!
Your experience leads to an increase in your attributes!
Increase (S)trength, (I)ntelligence, or (D)exterity?
You feel clever. x2
The power to cast Sticky Flame wells up from within.
Spell assigned to 'i'.
Your foxfire dissipates!
Your foxfire dissipates! x2
c - 77 stones (gained 6)
An orc priest comes into view.
It is wielding a +0 club. 2 orc priests and 2 orcs come into view.
The orc priest shouts! x2
The orc priest invokes the aid of Beogh against you.
Pain shoots through your body!
A wight comes into view. It is wielding a +3 falchion.
A wight comes into view. It is wielding a +0 scimitar.
The orc priest shouts!
You conjure some foxfire!
The orc shouts!
The orc priest invokes the aid of Beogh against you.
Beogh smites you!
The orc priest mumbles some strange prayers to Beogh against you.
Beogh smites you!
The orc priest invokes the aid of Beogh against you.
Beogh smites you!
* * * LOW HITPOINT WARNING * * *
Okay, then.
The foxfire hits the orc priest.
The orc priest is lightly wounded.
The foxfire hits the orc priest.
The orc priest is moderately wounded.
The orc priest mumbles some strange prayers to Beogh against you.
Pain shoots through your body!
You die...
Your body disappears without a glow.

#..# ##.####
#.....###.#.#
#....<......#
#......#.....
#.........### #
#.........#
###.##§....#####
#....§@....#
#...§§.....#
#....o......#
#..o...######
.z..o.o..
.z..o...#
........#
........#


You could see 2 wights, 3 orc priests and 2 orcs.

Vanquished Creatures
  A steam dragon (D:6)
  Menkaure (D:5)
  A water moccasin (D:5)
  A black bear (D:6)
  A sky beast (D:7)
  An ogre (D:3)
  A phantom (D:4)
  3 wights (D:6)
  An orc priest (D:5)
  2 jellies
  Natasha (thrice) (D:2)
  An orc wizard (D:4)
  12 gnolls
  6 adders
  2 ufetubi (D:5)
  5 dart slugs
  2 worms (D:2)
  9 orcs
  7 ball pythons
  8 endoplasms
  4 giant cockroaches
  26 goblins
  34 hobgoblins
  10 kobolds
  5 quokkas
  7 bats
  5 frilled lizards
  6 rats
165 creatures vanquished.

Vanquished Creatures (collateral kills)
  2 foxfires (D:3)
2 creatures vanquished.

Vanquished Creatures (others)
  456 foxfires
  A plant (D:3)
457 creatures vanquished.

Grand Total: 624 creatures vanquished

Notes
Turn   | Place    | Note
-------+----------+-------------------------------------------
     0 | D:1      | snetch the Djinni Fire Elementalist began the quest for the
                  | Orb.
     0 | D:1      | snetch set off with the following spells memorised:
                  | Foxfire, Scorch, Conjure Flame, Inner Flame, Flame Wave.
     0 | D:1      | Reached XP level 1. HP: 15/15 MP: 0/0
   347 | D:1      | Reached XP level 2. HP: 20/21 MP: 0/0
   523 | D:1      | Reached skill level 3 in Spellcasting
   556 | D:1      | Reached XP level 3. HP: 19/25 MP: 0/0
   556 | D:1      | Learned a level 1 spell: Slow
  1536 | D:2      | Reached XP level 4. HP: 26/31 MP: 0/0
  1754 | D:2      | Noticed Natasha
  1759 | D:2      | Killed Natasha
  2300 | D:2      | Noticed Natasha
  2307 | D:2      | Killed Natasha
  2308 | D:2      | Reached XP level 5. HP: 29/35 MP: 0/0
  2308 | D:2      | Learned a level 2 spell: Static Discharge
  2488 | D:2      | Noticed Natasha
  2492 | D:2      | Killed Natasha
  2493 | D:2      | Reached skill level 4 in Spellcasting
  2663 | D:3      | You are sucked into a shaft and drop 2 floors!
  2663 | D:5      | Entered Level 5 of the Dungeon
  2667 | D:5      | Noticed Menkaure
  2673 | D:5      | Killed Menkaure
  2674 | D:5      | Reached XP level 6. HP: 34/40 MP: 0/0
  2757 | D:5      | Found a sparkling altar of Nemelex Xobeh.
  2766 | D:5      | Became a worshipper of Nemelex Xobeh the Trickster
  2793 | D:5      | Reached skill level 5 in Spellcasting
  2844 | D:5      | Noticed a water moccasin
  2848 | D:5      | Killed a water moccasin
  2849 | D:5      | Reached XP level 7. HP: 20/46 MP: 0/0
  2849 | D:5      | Learned a level 2 spell: Blink
  3068 | D:7      | Reached skill level 6 in Spellcasting
  3174 | D:6      | Reached XP level 8. HP: 31/51 MP: 0/0
  3181 | D:6      | HP: 2/51 [steam dragon (5)]
  3525 | D:7      | Found a blossoming altar of Fedhas.
  3738 | D:3      | Reached * piety under Nemelex Xobeh
  3846 | D:3      | Got Kulia's Tractate on the Chill and the Salvo
  4033 | D:3      | Received a gift from Nemelex Xobeh
  4656 | D:3      | Reached skill level 7 in Spellcasting
  4972 | D:3      | Reached skill level 1 in Armour
  5410 | D:4      | Found a runed translucent door.
  5414 | D:4      | Found a staircase to the Ecumenical Temple.
  5427 | Temple   | Entered the Ecumenical Temple
  5796 | D:4      | Noticed bchevrier's ghost (amateur GnWn)
  5826 | D:4      | Found a hazy altar of Hepliaklqana.
  5837 | D:4      | Reached skill level 1 in Long Blades
  6067 | D:6      | Reached XP level 9. HP: 54/56 MP: 0/0
  6067 | D:6      | Learned a level 4 spell: Sticky Flame
  6079 | D:6      | Killed from afar by an orc priest

Illustrated notes

Levels and vault maps discovered:
D:1:      dpeg_arrival_solitude, layout_rooms
D:2:      minmay_door_path, layout_basic, basic_altar, minmay_pentomino_o4,
          uniq_natasha
D:3:      minmay_goblin_kobold_castle, layout_basic, saegor_snake_ambush
D:4:      layout_rooms, mainiacjoe_overflow_concentric_impassable,
          minmay_temple_entry_antechambers, ebering_ghost_sewer_d
D:5:      layout_cave_pools, mainiacjoe_overflow_catwalk, uniq_menkaure
D:6:      layout_rooms
D:7:      layout_layer_cave, mainiacjoe_overflow_large_starburst,
          nicolae_shop_clearance
Temple:   minmay_temple_bridge_d

Skill      XL: |  1  2  3  4  5  6  7  8 |
---------------+-------------------------+-----
Spellcasting   | 3 4 5 6 7 |  7.5
Stealth        | 2 3 |  3.5
Armour         | 1 |  1.9
Long Blades    | 1 |  1.0
Fighting       | |  0.8
Dodging        | |  2.8

Action                   |  1- 3 |  4- 6 |  7- 9 || total
-------------------------+-------+-------+-------++-------
Melee: Short sword       |    11 |     7 |       ||    18
       Long sword        |       |     5 |       ||     5
       Scimitar          |       |       |     9 ||     9
 Cast: Foxfire           |    56 |    53 |   156 ||   265
       Scorch            |     1 |    17 |    19 ||    37
       Flame Wave        |       |       |     1 ||     1
 Stab: Sleeping          |       |     2 |       ||     2
Armor: Robe              |     2 |     1 |     1 ||     4
       Leather armour    |       |       |     4 ||     4
       Ring mail         |       |       |     4 ||     4
Dodge: Dodged            |     8 |     8 |    18 ||    34

Table legend: (Time is in decaauts)
 A = Elapsed time spent in this place.
 B = Non-inter-level travel time spent in this place.
 C = Inter-level travel time spent in this place.
 D = Time resting spent in this place.
 E = Time spent auto-exploring this place.
 F = Levels seen in this place.
 G = Mean time per level.
                   A        B        C        D        E       F      G
               +--------+--------+--------+--------+--------+-----+--------+
         Total |   6092 |   5802 |    290 |    308 |   4014 |   8 |  761.5 |
       Dungeon |   5917 |   5655 |    262 |    308 |   3883 |   7 |  845.3 |
        Temple |    174 |    146 |     28 |      0 |    131 |   1 |  174.0 |
               +--------+--------+--------+--------+--------+-----+--------+

Top non-repeatable levels by time:
     D:3: 1703 daAuts
     D:2: 1467 daAuts
     D:1: 1069 daAuts
     D:4: 686 daAuts
     D:6: 513 daAuts
     D:5: 451 daAuts
  Temple: 174 daAuts
     D:7: 25 daAuts
